 Dungeon Crawl Stone Soup version 0.31.0-12-g77e489cdc1 (webtiles) character file.

Game seed: 6450524387882967739

394 boopmooplesden the Twirler (level 6, -16/51 HPs)
             Began as a Minotaur Gladiator on Feb 19, 2024.
             Demolished by an ogre
             ... wielding a +0 giant club
              (32 damage)
             ... on level 4 of the Dungeon.
             The game lasted 00:03:31 (2387 turns).

boopmooplesden the Twirler (Minotaur Gladiator)     Turns: 2387, Time: 00:03:31

Health: -16/51     AC:  9    Str: 21    XL:     6   Next: 52%
Magic:  5/5        EV:  9    Int:  5    God:
Gold:   208        SH:  0    Dex: 11    Spells: 5/5 levels left

rFire   . . .        a - +0 quarterstaff
rCold   . . .        (shield currently unavailable)
rNeg    . . .        j - +0 chain mail
rPois   +            c - +0 hat
rElec   .            (no cloak)
rCorr   .            (no gloves)
SInv    .            (no boots)
Will    .....        (no amulet) Stlth
                     g - ring of poison resistance
HPRegen 0.28/turn    (no ring)
MPRegen 0.09/turn

%: no passive effects
@: no status effects
A: horns 2, retaliatory headbutt
a: no special abilities


You were on level 4 of the Dungeon.
You visited 1 branch of the dungeon, and saw 4 of its levels.

You collected 208 gold pieces.

Inventory:

Hand Weapons
 a - a +0 quarterstaff (weapon)
Missiles
 d - 2 throwing nets (quivered)
 e - a javelin
Armour
 b - a +0 leather armour
 c - a +0 hat (worn)
 j - a +0 chain mail (worn)
 o - a +1 barding
Jewellery
 f - an amulet of magic regeneration
 g - a ring of poison resistance (left hand)
 l - an amulet of guardian spirit
 p - a +6 ring of intelligence
Scrolls
 i - a scroll of enchant armour {unknown}
 m - 2 scrolls of poison
Potions
 h - a potion of heal wounds
 k - a potion of enlightenment {unknown}
 n - 3 potions of lignification {unknown}


   Skills:
 + Level 3.4 Fighting
 + Level 6.7 Staves
 + Level 2.1 Throwing
 + Level 4.1 Armour
 + Level 3.9 Dodging
 + Level 0.2 Stealth


You had 5 spell levels left.
You didn't know any spells.
Your spell library contained the following spells:

 Spells                   Type           Power      Damage    Failure   Level
 Mercury Vapours          Alch/Air       0%         N/A       99%         2
 Mephitic Cloud           Conj/Alch/Air  0%         N/A       100%        3
 Freezing Cloud           Conj/Ice/Air   0%         6-21      100%        5


Dungeon Overview and Level Annotations

Branches:
Dungeon (4/15)
 Temple: D:4-7

Altars:


Innate Abilities, Weirdness & Mutations

You have a pair of horns on your head.
You reflexively headbutt those who attack you in melee.


Message History

An adder comes into view.
The adder hisses angrily.
A hobgoblin comes into view.
The hobgoblin shouts!
You hear a shout!
The quokka bites you but does no damage.
The adder bites you but does no damage. The quokka bites you.
The adder attacks as it pursues you! The adder bites you.
The adder attacks as it pursues you! The adder barely misses you.
You furiously retaliate!
You headbutt the adder! The adder barely misses you.
You thump the adder!
You kill the adder!
You hit the quokka.
You kill the quokka!
Things that are here:
a quokka corpse; an adder corpse You hit the hobgoblin.
You kill the hobgoblin!
An ogre comes into view. It is wielding a +0 giant club.
An ogre is nearby!
There is a stone staircase leading up here.
The ogre hits you with a +0 giant club!
You hit the ogre.
The ogre is lightly wounded.
The ogre barely misses you.
You closely miss the ogre.
The ogre is lightly wounded.
You hit the ogre.
The ogre is moderately wounded.
The ogre hits you with a +0 giant club!
You hit the ogre.
The ogre is moderately wounded.
The ogre hits you with a +0 giant club!!
* * * LOW HITPOINT WARNING * * *
You hit the ogre.
The ogre is moderately wounded.
You hit the ogre.
The ogre is heavily wounded.
The ogre hits you with a +0 giant club!!
Ouch! That really hurt!
You die...

#### #.. #.# #.######
#†##...
#######.##.#####
........<.@O...#
#######...........
#.######....#.###.#.#
#...........#.# ..
#.######.##.#.# #
#.##...# #.##..##
#.##..# #.##..##


You could see an ogre.

Vanquished Creatures
  A black bear (D:4)
  A scorpion (D:4)
  A killer bee (D:4)
  Terence (D:2)
  Robin (D:3)
  4 gnolls (D:4)
  4 adders
  2 dart slugs
  A ribbon worm (D:2)
  An orc (D:4)
  8 ball pythons
  8 endoplasms
  4 giant cockroaches
  14 goblins
  8 hobgoblins
  9 jackals
  2 quokkas
  8 bats
  3 frilled lizards
  9 kobolds
  3 rats
93 creatures vanquished.

Notes
Turn   | Place    | Note
-------+----------+-------------------------------------------
     0 | D:1      | boopmooplesden the Minotaur Gladiator began the quest for
                  | the Orb.
     0 | D:1      | Reached XP level 1. HP: 18/18 MP: 0/0
    96 | D:1      | Found a faded altar of an unknown god.
    98 | D:1      | Reached XP level 2. HP: 25/25 MP: 1/1
   103 | D:1      | Reached skill level 4 in Staves
   709 | D:1      | Reached XP level 3. HP: 25/30 MP: 2/2
   824 | D:2      | Noticed Terence
   835 | D:2      | Killed Terence
   836 | D:2      | Reached skill level 1 in Armour
   908 | D:2      | Reached XP level 4. HP: 37/37 MP: 3/3
  1046 | D:2      | Reached skill level 5 in Staves
  1763 | D:3      | Noticed Robin
  1783 | D:3      | Killed Robin
  1784 | D:3      | Reached XP level 5. HP: 27/45 MP: 4/4
  2117 | D:4      | Reached skill level 6 in Staves
  2118 | D:4      | Noticed a black bear
  2130 | D:4      | Killed a black bear
  2131 | D:4      | Reached XP level 6. HP: 30/51 MP: 5/5
  2387 | D:4      | Demolished by an ogre

Illustrated notes

Levels and vault maps discovered:
D:1:      scummos_arrival_gate, layout_loops_ring, basic_ecumenical_altar,
          minmay_crystal_water
D:2:      layout_loops_corners, uniq_terence
D:3:      layout_rooms, uniq_robin
D:4:      layout_loops_ring, serial_forest, infiniplex_forest_clump_curved,
          infiniplex_forest_clump_small, infiniplex_forest_end_2,
          infiniplex_forest_straight_2, infiniplex_forest_end_double,
          minmay_starry_boxes

Skill      XL: |  1  2  3  4  5  6 |
---------------+-------------------+-----
Staves         | 4 5 6 |  6.7
Armour         | 1 2 3 4 |  4.1
Fighting       | 3 |  3.4
Throwing       | |  2.1
Dodging        | |  3.9
Stealth        | |  0.2

Action                     |  1- 3 |  4- 6 || total
---------------------------+-------+-------++-------
  Melee: Quarterstaff      |    64 |   116 ||   180
         Headbutt          |     9 |    17 ||    26
  Throw: Throwing net      |     1 |     2 ||     3
    Use: Scroll            |       |     6 ||     6
   Stab: Held in net/web   |     1 |       ||     1
 Armour: Leather armour    |    28 |       ||    28
         Chain mail        |    20 |   104 ||   124
  Dodge: Dodged            |    42 |    52 ||    94
